 Dungeon Crawl Stone Soup version 0.31-a0-344-gd109795599 (webtiles) character file.

Game seed: 482853378917085565

374589 cforsyth the Worldbinder (level 22, -8/186 (195) HPs)
             Began as a Naga Summoner on July 21, 2023.
             Was an Initiate of Gozag.
             Mangled by a +4 dire flail of draining (12 damage)
             ... animated by Zenata
             ... on level 3 of the Vaults on July 22, 2023.
             The game lasted 02:21:21 (74936 turns).

cforsyth the Worldbinder (Naga Summoner)           Turns: 74936, Time: 02:21:21

HP:   -8/186 (195)  AC: 21    Str: 14    XL:     22   Next: 74%
MP:   38/57         EV: 11    Int: 42    God:    Gozag
Gold: 9531          SH: 11    Dex: 14    Spells: 28/65 levels left

rFire   + + .        B - +4 spear of Hopir {flame, Fragile rElec Int+3}
rCold   + + .        s - +5 buckler "Kuff" {Drain Str-4 Int+9 SInv}
rNeg    . . .        Z - +1 robe {rC+ rF+}
rPois   +            y - +2 helmet
rElec   +            f - +0 cloak {Stlth+}
rCorr   .            O - +3 pair of gauntlets of War {Slay+5}
SInv    +            x - +0 barding
Will    +++..        G - amulet of magic regeneration
Stlth   +++          T - ring "Okhlemot" {Will+ MP+9 Str+5}
HPRegen 0.51/turn    W - ring of Midnight {rF+ rC+ Int+6 Dex+2}
MPRegen 0.75/turn

%: no passive effects
@: about to teleport, forested, lightly drained, very slow
A: AC +7, large, see invisible, deformed body, poison resistance, slowness 2,
spit poison 1, naga tail 2
}: 2/15 runes: decaying, serpentine
a: Spit Poison, Renounce Religion, Potion Petition, Call Merchant, Bribe Branch


You were on level 3 of the Vaults.
You worshipped Gozag.
Gozag was greatly pleased with you.
You visited 7 branches of the dungeon, and saw 35 of its levels.
You also visited: Trove and Ice Cave.

You collected 21039 gold pieces.
You spent 2554 gold pieces at shops.
You paid 8954 gold pieces to Gozag.

Inventory:

Hand Weapons
 B - the +4 spear of Hopir (weapon) {flame, Fragile rElec Int+3}
   (You found it on level 1 of the Snake Pit)

   Int:       It affects your intelligence (+3).
   rElec:     It insulates you from electricity.
   Fragile:   It will be destroyed if unequipped.
 P - the +7 great mace "Ifroeg" {freeze, Contam rPois MP+9 Int+4}
   (You found it on level 2 of the Snake Pit)

   Int:       It affects your intelligence (+4).
   rPois:     It protects you from poison.
   MP:        It affects your magic capacity (+9).
   Contam:    It causes magical contamination when unequipped.
Armour
 f - a +0 cloak of stealth (worn)
 s - the +5 buckler "Kuff" (worn) {Drain Str-4 Int+9 SInv}
   (You bought it in a shop on level 1 of the Lair of Beasts)

   Str:       It affects your strength (-4).
   Int:       It affects your intelligence (+9).
   SInv:      It lets you see invisible.
   Drain:     It drains your maximum health when unequipped.
 x - a +0 barding (worn)
 y - a +2 helmet (worn)
 O - the +3 pair of gauntlets of War (worn) {Slay+5}
   (You found it on level 2 of the Lair of Beasts)

   Slay:      It affects your accuracy & damage with ranged weapons and melee
   (+5).
 Z - a +1 robe of resistance (worn)
Jewellery
 i - the ring "Bic Igopt" {MP+9 Int+6 Dex+2}
   (You found it in a treasure trove)

   [ring of intelligence]

   Int:       It affects your intelligence (+6).
   Dex:       It affects your dexterity (+2).
   MP:        It affects your magic capacity (+9).
 p - the ring of Qelar {rC+ rCorr Str+6}
   (You found it on level 1 of the Snake Pit)

   [ring of strength]

   Str:       It affects your strength (+6).
   rC:        It protects you from cold.
   rCorr:     It protects you from acid and corrosion.
 D - an amulet of regeneration
 G - an amulet of magic regeneration (around neck)
 K - the ring "Degodiyb" {Fly rF+ MP+9 Int+3}
   (You found it in a treasure trove)

   [ring of flight]

   Int:       It affects your intelligence (+3).
   rF:        It protects you from fire.
   MP:        It affects your magic capacity (+9).
   Fly:       It grants you flight.
 Q - the ring "Qiedeg" {Fly rElec}
   (You found it in a treasure trove)

   [ring of flight]

   rElec:     It insulates you from electricity.
   Fly:       It grants you flight.
 R - the ring of Umuitsoko {rPois MP+9 Str+6 Dex-3}
   (You found it in a treasure trove)

   [ring of magical power]

   Str:       It affects your strength (+6).
   Dex:       It affects your dexterity (-3).
   rPois:     It protects you from poison.
   MP:        It affects your magic capacity (+9).
 T - the ring "Okhlemot" (left hand) {Will+ MP+9 Str+5}
   (You found it on level 4 of the Lair of Beasts)

   [ring of magical power]

   Str:       It affects your strength (+5).
   MP:        It affects your magic capacity (+9).
   Will:      It increases your willpower.
 U - the ring "Moneorgh" {Str+4 Int+6}
   (You found it in a treasure trove)

   [ring of intelligence]

   Str:       It affects your strength (+4).
   Int:       It affects your intelligence (+6).
 W - the ring of Midnight (right hand) {rF+ rC+ Int+6 Dex+2}
   (You found it on level 1 of the Snake Pit)

   [ring of intelligence]

   Int:       It affects your intelligence (+6).
   Dex:       It affects your dexterity (+2).
   rF:        It protects you from fire.
   rC:        It protects you from cold.
Wands
 l - a wand of flame (79)
 m - a wand of polymorph (26)
 q - a wand of mindburst (25)
 J - a wand of digging (2)
 N - a wand of paralysis (45)
 S - a wand of roots (43)
 V - a wand of quicksilver (33)
Scrolls
 a - 4 scrolls of torment
 h - 12 scrolls of teleportation
 k - 5 scrolls of immolation
 r - 6 scrolls of fear
 u - 6 scrolls of blinking
 v - 2 scrolls of butterflies
 w - a scroll of revelation
 A - 5 scrolls of poison
 E - 3 scrolls of enchant armour
 H - 4 scrolls of amnesia
 I - 5 scrolls of fog
 M - 2 scrolls of enchant weapon
 X - a scroll of silence
Potions
 b - 2 potions of magic
 c - 10 potions of curing
 d - 9 potions of attraction
 e - 2 potions of haste
 g - a potion of berserk rage
 j - a potion of heal wounds
 n - 9 potions of mutation
 o - 4 potions of might
 t - 6 potions of ambrosia
 z - 6 potions of lignification
 C - 3 potions of cancellation
 F - 4 potions of brilliance
 L - 2 potions of resistance
 Y - 4 potions of enlightenment


   Skills:
 + Level 11.2 Fighting
 + Level 9.6 Dodging
 - Level 3.0 Stealth
 + Level 7.2 Shields
 - Level 22.3 Spellcasting
 - Level 6.0 Hexes
 - Level 24.2 Summonings
 - Level 3.0 Air Magic


You had 28 spell levels left.
You knew the following spells:

 Your Spells              Type           Power      Damage    Failure   Level
a - Summon Small Mammal   Summ           100%       N/A       0%          1
b - Call Imp              Summ           100%       N/A       0%          2
c - Call Canine Familiar  Summ           100%       N/A       0%          3
d - Summon Guardian Gole  Hex/Summ       100%       N/A       0%          3
e - Summon Lightning Spi  Summ/Air       100%       N/A       1%          4
f - Summon Forest         Summ/Tloc      49%        N/A       1%          5
g - Malign Gateway        Summ/Tloc      49%        N/A       3%          7
h - Summon Mana Viper     Hex/Summ       100%       N/A       1%          5
i - Summon Hydra          Summ           64%        N/A       1%          7

Your spell library contained the following spells:

 Spells                   Type           Power      Damage    Failure   Level
 Apportation              Tloc           92%        N/A       1%          1
 Magic Dart               Conj           100%       1d8       1%          1
 Necrotise                Necr           100%       1d9       1%          1
 Slow                     Hex            100%       N/A       1%          1
 Cigotuvi's Dreadful Rot  Necr/Pois/Air  100%       N/A       1%          2
 Static Discharge         Conj/Air       100%       2-7/arc   1%          2
 Wereblood                Tmut           46%        N/A       1%          2
 Confusing Touch          Hex            77%        N/A       1%          3
 Gell's Gravitas          Tloc           46%        N/A       1%          3
 Hailstorm                Conj/Ice       46%        3d11      1%          3
 Ignite Poison            Fire/Tmut/Pois 46%        N/A       1%          3
 Mephitic Cloud           Conj/Pois/Air  53%        N/A       1%          3
 Ozocubu's Armour         Ice            46%        N/A       1%          3
 Teleport Other           Tloc           46%        N/A       1%          3
 Tukima's Dance           Hex            77%        N/A       1%          3
 Vampiric Draining        Necr           46%        2d9       1%          3
 Airstrike                Air            32%        2d(5-21)  1%          4
 Cause Fear               Hex            38%        N/A       1%          4
 Leda's Liquefaction      Hex/Erth       32%        N/A       1%          4
 Summon Ice Beast         Ice/Summ       99%        N/A       1%          4
 Spellforged Servitor     Conj/Summ      49%        N/A       3%          7
 Yara's Violent Unravell  Hex/Tmut       32%        3d13      4%          5
 Dispel Undead            Necr           46%        3d18      5%          4
 Passage of Golubria      Tloc           46%        N/A       5%          4
 Freezing Cloud           Conj/Ice/Air   26%        6-21      11%         5
 Irradiate                Conj/Tmut      23%        3d19      16%         5
 Iskenderun's Battlesphe  Conj           46%        2d10      16%         5
 Lee's Rapid Deconstruct  Erth           23%        3d13*     16%         5
 Death Channel            Necr           23%        N/A       65%         6
 Dispersal                Tloc           23%        N/A       65%         6
 Eringya's Noxious Bog    Tmut/Pois      23%        4d6       65%         6
 Leda's Unmaking          Conj/Erth      23%        9d4       65%         6
 Ozocubu's Refrigeration  Ice            23%        4d12      99%         7
 Polar Vortex             Ice            23%        12d3*     100%        9
 Simulacrum               Ice/Necr       Unusable   N/A       N/A         6

Dungeon Overview and Level Annotations

Branches:
Dungeon (15/15)            Temple (1/1) D:4            Lair (5/5) D:10
  Swamp (4/4) Lair:3        Snake (4/4) Lair:2        Slime (0/5) Lair:5
    Orc (2/2) D:10            Elf (0/3) Orc:2        Vaults (4/5) D:13
  Crypt (0/3) Vaults:3     Depths (0/4) D:15          IceCv (visited)

Altars:
Ashenzari
Cheibriados
Dithmenos
Elyvilon
Fedhas
Gozag
Hepliaklqana
Kikubaaqudgha
Makhleb
Nemelex Xobeh
Okawaru
Qazlal
Ru
Sif Muna
Trog
Uskayaw
Vehumet
Wu Jian
Xom
Yredelemnul
Zin
The Shining One

Shops:
D:10 :   D:11 (   Orc:1 ?   Orc:2 (?!?   Lair:1 *[:[:*=:   Vaults:2 [
Vaults:3 (   Vaults:4 !

Annotations:
Vaults:3 Zenata


Innate Abilities, Weirdness & Mutations

Your serpentine skin is tough. (AC +7)
You have supernaturally acute eyesight. (SInv)
Armour fits poorly on your strangely shaped body.
Your system is resistant to poisons. (rPois)
You cover ground very slowly.
You can spit poison.
You can use your snake-like lower body to constrict enemies.


Message History

You feel strangely unstable.
The +6 battleaxe of electrocution hits you but does no damage.
You block the +6 battleaxe of electrocution's attack.
The +0 flail of protection hits you but does no damage.
The +6 battleaxe of electrocution attacks as you move away!
The +6 battleaxe of electrocution hits you!
The +0 flail of protection attacks as you move away!
The +0 flail of protection hits you but does no damage.
The +4 dire flail of draining hits you but does no damage.
You feel drained.
The +0 flail of protection hits you but does no damage.
Zenata casts a spell at you.
A blast of power from the earth and the adjacent constructs strikes you!
The +4 dire flail of draining hits you.
You feel drained.
The +6 battleaxe of electrocution hits you!
You block the +0 flail of protection's attack.
The +2 heavy flail hits you but does no damage.
Zenata gestures at you while chanting.
A blast of power from the earth and the adjacent constructs strikes you!
* * * LOW HITPOINT WARNING * * *
The +4 dire flail of draining barely misses you.
The +6 battleaxe of electrocution hits you but does no damage.
The +0 flail of protection attacks as you move away!
The +0 flail of protection hits you.
* * * LOW HITPOINT WARNING * * *
The +4 dire flail of draining hits you!
* * * LOW HITPOINT WARNING * * *
You feel drained.
* * * LOW HITPOINT WARNING * * *
The +2 heavy flail hits you!!
* * * LOW HITPOINT WARNING * * *
The +0 flail of protection hits you but does no damage.
You block the +4 dire flail of draining's attack.
You block the +0 flail of protection's attack.
You block the +2 heavy flail's attack.
The +6 battleaxe of electrocution hits you!
* * * LOW HITPOINT WARNING * * *
The +4 dire flail of draining hits you!
You die...
Your body crumbles into a pile of gold.

....................#
*,,,,
....................#
*,,,,
....................#
*,,,,
############♣#'#♣[♣##
*****'* #......).♣
*,,,,,, #...♣♣...#
*,,,,*, #..♣..♣..♣
*,,*,,, #..♣..♣..#
*,,,,,*
#...♣#@(.♣#♣#♣###,,,*,,
#....(((.[...♣...,,,,,,
##♣♣♣♣((#..♣...♣,*,,***
#.....#~~♣..,*,*
########
#.♣...a~~♣,,,*,*
.......#
♣....#~.~~♣,*,,*
.......#
#....~~~~~~..,,*
.......#
♣♣#♣♣♣♣♣###''****
.......# *,[,.,,,*


You could see Zenata and 6 dancing weapons.

Vanquished Creatures
  A frost giant (IceCv)
  2 ironbound preservers
  Nessos (Lair:4)
  A centaur warrior (D:13)
  A hydra (Swamp:3)
  An ironbound frostheart (IceCv)
  A naga warrior (Snake:1)
  A naga sharpshooter (Snake:4)
  A phantasmal warrior (Vaults:3)
  An ironbound convoker (Vaults:3)
  A mana viper (Snake:1)
  2 ugly things
  A rime drake (IceCv)
  A yaktaur (Vaults:3)
  A polar bear (Lair:5)
  2 blink frogs
  3 nagas (Snake:3)
  An ogre (D:10)
  2 wolves (Lair:5)
  2 centaurs
  A bullfrog (Lair:3)
  2 howler monkeys (D:11)
  An orc priest (Orc:2)
  Terence (D:3)
  An orc wizard (Orc:2)
  An adder (D:6)
  2 orcs
  A ball python (D:1)
  3 endoplasms
  A goblin (D:1)
  2 hobgoblins (D:1)
  A bat (D:1)
  A kobold (D:3)
45 creatures vanquished.

Vanquished Creatures (collateral kills)
  the Lernaean hydra (Swamp:4)
  Saint Roka (Snake:4)
  Nikola (Swamp:2)
  2 quicksilver dragons (Snake:4)
  4 sphinxes
  Gastronok (Lair:2)
  2 tengu reavers
  Aizul (Snake:2)
  2 thorn hunters (Swamp:3)
  Kirke (Snake:2)
  Agnes (Snake:2)
  Donald (Swamp:2)
  A fire giant (Vaults:3)
  5 nagarajas (Snake:4)
  Louise (Snake:4)
  9 vault wardens
  A frost giant (IceCv)
  11 ironbound preservers
  2 orc warlords (Orc:2)
  8 ironbound thunderhulks
  A vampire knight (Vaults:3)
  3 formless jellyfish
  The ghost of Udepn the Fighter, a journeyman OgFE of Vehumet (Lair:2)
  A deep elf demonologist (Vaults:4)
  5 eleionomae
  6 bunyips
  21 dire elephants
  A white draconian (IceCv)
  Snorg (D:10)
  3 crystal guardians
  3 ettins
  2 fire dragons
  Josephine (D:13)
  10 yaktaur captains
  5 great orbs of eyes
  Fannar (D:10)
  2 entropy weavers
  8 vault guards
  21 hydras
  2 peacekeepers
  A radroach (shapeshifter) (D:13)
  A salamander tyrant (Snake:4)
  An ice dragon (D:15)
  Erolcha (Orc:1)
  2 anacondas (Snake:2)
  An ogre mage (D:15)
  12 alligators
  2 ghost crabs
  10 ironbound frosthearts
  8 boulder beetles
  A tengu warrior (D:13)
  5 centaur warriors
  A death yak (D:10)
  8 two-headed ogres
  3 death knights
  9 naga warriors
  5 orc high priests
  A hell knight (Vaults:4)
  6 naga sharpshooters
  5 shock serpents
  Sonja (Lair:2)
  Nergalle (D:11)
  3 salamander mystics
  7 spectral anacondas (Snake:2)
  A shadow wraith (Vaults:1)
  A fire crab (Lair:4)
  4 goliath frogs
  35 deep trolls
  Lodul (D:10)
  12 swamp dragons
  2 anaconda zombies (Snake:2)
  13 bog bodies
  A glowing orange brain (Vaults:2)
  2 necromancers
  3 naga ritualists
  2 shadow dragon zombies (Vaults:2)
  5 anaconda skeletons (Snake:2)
  3 wizards
  An orange crystal statue (IceCv)
  20 ironbound convokers
  4 spriggan druids
  8 lindwurms
  7 orc knights
  3 mana vipers
  2 deep elf pyromancers
  9 salamanders
  24 ugly things
  3 orc sorcerers (Orc:2)
  6 oklob plants
  2 will-o-the-wisps
  8 cyclopes
  A tengu skeleton (Vaults:4)
  A manticore (D:15)
  31 black mambas
  An iron dragon skeleton (Vaults:2)
  19 elephants
  14 naga magi
  7 guardian serpents
  13 vault sentinels
  2 gargoyles
  An unseen horror (D:13)
  13 cane toads
  2 freezing wraiths (D:14)
  9 komodo dragons
  21 rime drakes
  A queen bee (D:13)
  4 anaconda simulacra (Snake:2)
  5 tengu conjurers
  23 yaktaurs
  8 trolls
  A polar bear (shapeshifter) (D:14)
  A bloated husk (Swamp:4)
  3 meliai (D:13)
  Grinder (D:3)
  15 polar bears
  5 tyrant leeches
  16 hornets
  13 blink frogs
  A tarantella (Vaults:2)
  2 dream sheep (Lair:5)
  Sigmund (D:6)
  11 slime creatures
  28 spriggans
  9 wraiths
  3 water elementals (D:13)
  4 wyverns
  A centaur simulacrum (D:14)
  3 vampires
  2 shadows
  48 yaks
  2 fire elementals (D:14)
  9 basilisks
  7 hogs (Snake:2)
  A steam dragon (D:8)
  A redback (Vaults:2)
  A yaktaur simulacrum (Vaults:4)
  7 wargs
  9 vampire mosquitoes (D:12)
  11 swamp worms
  29 nagas
  3 acid dragons
  3 nameless horrors
  16 water moccasins
  10 swamp drakes
  A floating eye (shapeshifter) (D:13)
  49 orc warriors
  2 ice beasts
  A sky beast (D:7)
  4 black bears
  25 ogres
  17 wolves
  10 boggarts
  8 centaurs
  A phantom (D:4)
  2 kobold brigands
  14 bullfrogs
  3 gnoll sergeants
  An entropy weaver simulacrum (Vaults:3)
  A glowing shapeshifter simulacrum (Vaults:4)
  7 wights
  34 killer bees
  5 howler monkeys
  7 electric eels
  A lava snake (D:14)
  42 orc priests
  A jelly (Lair:4)
  A gnoll bouda (D:6)
  12 hounds
  Jessica (D:3)
  4 iguanas
  19 orc wizards
  15 gnolls
  6 adders
  2 shadow imps
  A white imp (D:6)
  4 ufetubi
  2 worms
  A dart slug (D:2)
  130 orcs
  4 ball pythons
  A bat (shapeshifter) (D:13)
  11 endoplasms
  3 giant cockroaches
  4 goblins
  3 hobgoblins
  6 jackals
  4 quokkas
  4 bats
  3 frilled lizards
  11 kobolds
  3 rats
  A spectral weapon (Snake:4)
1376 creatures vanquished.

Vanquished Creatures (others)
  25 eldritch tentacles
  A hydra (Lair:5)
  A boulder beetle (Lair:4)
  11 death yaks
  3 two-headed ogres
  A tengu warrior (D:13)
  2 skysharks (Lair:4)
  A wizard (Vaults:4)
  An oklob plant (Lair:5)
  9 elephants
  2 black mambas (Lair:4)
  A vault sentinel (Vaults:4)
  2 torpor snails (Lair:4)
  6 cane toads
  An unseen horror (D:6)
  5 komodo dragons
  A rime drake (Lair:4)
  2 polar bears
  2 hornets
  7 blink frogs
  A slime creature (D:13)
  2 spriggans (Lair:5)
  A shadow (D:13)
  A water elemental (D:13)
  A wyvern (Lair:2)
  A wraith (D:13)
  36 yaks
  A steam dragon (D:6)
  7 water moccasins
  2 ice beasts (D:6)
  3 orc warriors
  5 wolves
  2 ogres (D:10)
  4 bullfrogs
  A gnoll sergeant (D:8)
  9 wights
  5 killer bees
  A nameless horror (D:5)
  2 jellies
  An orc priest (D:10)
  5 gnolls
  3 orcs
  2 foxfires (Swamp:4)
  24 snaplasher vines
204 creatures vanquished.

Grand Total: 1625 creatures vanquished

Notes
Turn   | Place    | Note
-------+----------+-------------------------------------------
     0 | D:1      | cforsyth the Naga Summoner began the quest for the Orb.
     0 | D:1      | Reached XP level 1. HP: 15/15 MP: 3/3
   183 | D:1      | Reached XP level 2. HP: 18/22 MP: 1/5
   242 | D:1      | Learned a level 2 spell: Call Imp
  1006 | D:1      | Reached XP level 3. HP: 18/28 MP: 1/6
  1142 | D:2      | Learned a level 3 spell: Call Canine Familiar
  1342 | D:2      | Found a glowing golden altar of the Shining One.
  1705 | D:2      | Found a faded altar of an unknown god.
  2208 | D:3      | Noticed Terence
  2225 | D:3      | Killed Terence
  2226 | D:3      | Reached XP level 4. HP: 31/36 MP: 1/8
  2325 | D:3      | Noticed Jessica
  2335 | D:3      | Killed Jessica
  2336 | D:3      | Reached skill level 5 in Summonings
  2341 | D:3      | Learned a level 3 spell: Summon Guardian Golem
  2649 | D:3      | Reached XP level 5. HP: 42/42 MP: 6/10
  2834 | D:3      | Noticed Grinder
  2850 | D:3      | Paralysed by Grinder for 3 turns
  2876 | D:3      | Killed Grinder
  2877 | D:3      | Reached skill level 6 in Summonings
  2877 | D:3      | Reached XP level 6. HP: 47/49 MP: 3/12
  3188 | D:4      | Found a staircase to the Ecumenical Temple.
  3194 | D:4      | Learned a level 4 spell: Summon Lightning Spire
  3223 | Temple   | Entered the Ecumenical Temple
  3243 | Temple   | Became a worshipper of Gozag Ym Sagoz the Greedy
  3583 | D:4      | Reached skill level 1 in Hexes
  3583 | D:4      | Reached XP level 7. HP: 51/55 MP: 7/14
  3658 | D:4      | Reached skill level 1 in Air Magic
  3908 | D:4      | Found a sparkling altar of Nemelex Xobeh.
  4003 | D:5      | Entered Level 5 of the Dungeon
  4222 | D:5      | Reached skill level 5 in Spellcasting
  4768 | D:5      | Reached XP level 8. HP: 46/62 MP: 1/16
  5393 | D:6      | Reached skill level 7 in Summonings
  6055 | D:6      | Noticed a boulder beetle
  6292 | D:6      | Found a white marble altar of Elyvilon.
  6302 | D:6      | Noticed an unseen horror
  6305 | D:6      | Killed an unseen horror
  6327 | D:6      | Reached XP level 9. HP: 34/68 MP: 1/18
  6331 | D:6      | Reached skill level 8 in Summonings
  6543 | D:6      | Reached skill level 5 in Hexes
  6552 | D:6      | Noticed Sigmund
  6557 | D:6      | Killed Sigmund
  7439 | D:6      | Reached skill level 9 in Summonings
  7757 | D:6      | Noticed a two-headed ogre
  7902 | D:6      | Killed a two-headed ogre
  7903 | D:6      | Reached XP level 10. HP: 75/75 MP: 6/22
  9197 | D:7      | Reached skill level 10 in Summonings
  9989 | D:8      | Identified the ring "Jonol" {rF+ Dex+2}
 10332 | D:8      | Reached skill level 11 in Summonings
 10567 | D:8      | Noticed a two-headed ogre
 10572 | D:8      | Killed a two-headed ogre
 10573 | D:8      | Reached XP level 11. HP: 81/81 MP: 21/24
 10763 | D:8      | Found a transporter.
 11013 | D:8      | Found a transporter.
 11149 | D:9      | Found a basalt altar of Yredelemnul.
 11227 | D:9      | Reached skill level 10 in Spellcasting
 11532 | D:9      | Found a transporter.
 12377 | D:9      | Found a bloodstained altar of Trog.
 12422 | D:10     | Entered Level 10 of the Dungeon
 12435 | D:10     | Noticed Snorg
 12578 | D:10     | Noticed Fannar
 13161 | D:10     | Found Zicw's Book Shoppe.
 13217 | D:10     | Killed Snorg
 13318 | D:10     | Noticed a death yak
 13318 | D:10     | Noticed a death yak
 13322 | D:10     | Noticed a death yak
 13327 | D:10     | Killed a death yak
 13327 | D:10     | Killed a death yak
 13328 | D:10     | Reached skill level 12 in Summonings
 13329 | D:10     | Noticed a death yak
 13330 | D:10     | Noticed a death yak
 13350 | D:10     | Killed a death yak
 13367 | D:10     | Noticed a death yak
 13380 | D:10     | Noticed a death yak
 13383 | D:10     | Killed a death yak
 13389 | D:10     | Noticed a death yak
 13741 | D:10     | Killed a death yak
 13744 | D:10     | Killed a death yak
 13748 | D:10     | Killed a death yak
 13749 | D:10     | Reached skill level 13 in Summonings
 13756 | D:10     | Reached XP level 12. HP: 88/88 MP: 20/27
 13758 | D:10     | Killed a death yak
 13969 | D:10     | Found a staircase to the Lair.
 14193 | D:10     | Noticed Lodul
 14766 | D:10     | Killed Lodul
 14973 | D:10     | Found a staircase to the Orcish Mines.
 15730 | D:11     | Noticed Nergalle
 15930 | D:11     | Noticed a two-headed ogre
 15938 | D:11     | Killed a two-headed ogre
 15951 | D:11     | Noticed a two-headed ogre
 15962 | D:11     | Killed a two-headed ogre
 15963 | D:11     | Reached skill level 14 in Summonings
 15967 | D:11     | Identified the +1 leather armour of Uskayaw's Grace {rPois
                  | Will++ Slay+3}
 16106 | Lair:1   | Entered Level 1 of the Lair of Beasts
 16602 | Lair:1   | Noticed a death yak
 16602 | Lair:1   | Noticed a death yak
 16614 | Lair:1   | Noticed a death yak
 16616 | Lair:1   | Noticed a death yak
 16620 | Lair:1   | Killed a death yak
 16626 | Lair:1   | Killed a death yak
 16634 | Lair:1   | Killed a death yak
 16634 | Lair:1   | Killed a death yak
 16764 | Lair:1   | Gained mutation: You can use your snake-like lower body to
                  | constrict enemies. [Naga growth]
 16764 | Lair:1   | Reached XP level 13. HP: 66/94 MP: 25/30
 17330 | Lair:1   | Reached skill level 15 in Summonings
 17838 | Lair:1   | Reached skill level 1 in Fighting
 18341 | Lair:2   | Identified the +1 ring mail of Quiet Fog {Contam rF+ rC+}
 18710 | Lair:2   | Found a staircase to the Snake Pit.
 18935 | Lair:2   | Found a blossoming altar of Fedhas.
 19141 | Lair:2   | Reached skill level 5 in Fighting
 19291 | Lair:2   | Noticed Sonja
 19298 | Lair:2   | Killed Sonja
 19299 | Lair:2   | Reached skill level 5 in Dodging
 19312 | Lair:2   | Noticed Gastronok
 19328 | Lair:2   | Killed Gastronok
 19488 | Lair:2   | Found a large runed translucent door.
 19488 | Lair:2   | Found a large runed translucent door.
 19635 | Lair:2   | Noticed Udepn's ghost (journeyman OgFE)
 19635 | Lair:2   | Found the +3 pair of gauntlets of War {Slay+5}
 20280 | Lair:2   | Killed Udepn's ghost
 20411 | Lair:2   | Identified the +5 lajatang of Gehuam {freeze, Will+ Dex+3
                  | Stlth-}
 20555 | Lair:3   | Reached XP level 14. HP: 121/121 MP: 22/31
 21873 | Lair:3   | Found a staircase to the Swamp.
 22498 | Lair:1   | Bought a scroll labelled BAYHOB WOWE for 28 gold pieces
 22506 | Lair:1   | Bought a crude buckler for 190 gold pieces
 22506 | Lair:1   | Identified the +5 buckler "Kuff" {Drain Str-4 Int+9 SInv}
                  | (You bought it in a shop on level 1 of the Lair of Beasts)
 22800 | Lair:4   | Reached skill level 1 in Shields
 25198 | Lair:4   | Noticed Nessos
 25215 | Lair:4   | Killed Nessos
 25939 | Lair:4   | Identified the ring "Okhlemot" {Will+ MP+9 Str+5}
 26023 | Lair:5   | Entered Level 5 of the Lair of Beasts
 26041 | Lair:5   | Reached XP level 15. HP: 138/138 MP: 24/32
 26070 | Lair:4   | Reached skill level 5 in Shields
 26782 | Lair:5   | Reached skill level 10 in Fighting
 27041 | Lair:5   | Found a staircase to the Slime Pits.
 28983 | Lair:5   | Got Fodev's Volume of Displaced Shapes
 29455 | Lair:1   | Bought Pegosiz's Codex of Maleficia for 456 gold pieces
 29462 | Lair:1   | Learned a level 5 spell: Summon Mana Viper
 29468 | Lair:1   | Learned a level 5 spell: Summon Forest
 29686 | D:9      | Found a basalt altar of Yredelemnul.
 29764 | D:9      | Found a bloodstained altar of Trog.
 29788 | D:9      | Found a transporter.
 30353 | D:8      | Found a transporter.
 30414 | D:8      | Found a transporter.
 32157 | D:11     | Killed Nergalle
 32487 | D:11     | Found Tautyzie's Antique Weapon Boutique.
 33849 | D:13     | Found a gate to the Vaults.
 34049 | D:13     | Noticed Josephine
 34065 | D:13     | Killed Josephine
 34271 | D:13     | Reached XP level 16. HP: 138/148 MP: 21/34
 34279 | D:13     | Learned a level 7 spell: Summon Hydra
 34731 | D:13     | Reached skill level 16 in Summonings
 35542 | D:13     | Identified the +0 sling of Midnight {drain, rC+ Str-3
                  | Stlth+}
 35585 | D:13     | Noticed a tengu reaver
 35597 | D:13     | Killed a tengu reaver
 35967 | D:13     | Reached skill level 15 in Spellcasting
 36931 | Orc:1    | Entered Level 1 of the Orcish Mines
 37028 | Orc:1    | Noticed Erolcha
 37046 | Orc:1    | Killed Erolcha
 37466 | Orc:1    | Found Giogeit's Magic Scroll Boutique.
 37686 | Orc:2    | Entered Level 2 of the Orcish Mines
 39044 | Orc:2    | Reached skill level 17 in Summonings
 39632 | Orc:2    | Found a staircase to the Elven Halls.
 40074 | Orc:2    | Found Gonliar's Magic Scroll Boutique.
 40530 | Orc:2    | Found Beoz's Distillery.
 41291 | Orc:2    | Found Fuammut's Weapon Boutique.
 41322 | Orc:2    | Found Hiukouh's Magic Scroll Shoppe.
 41334 | Orc:2    | Bought a scroll of acquirement for 780 gold pieces
 41334 | Orc:2    | Acquired 458 gold pieces
 42225 | D:14     | Found a blossoming altar of Fedhas.
 42495 | D:14     | Found an ancient bone altar of Kikubaaqudgha.
 42510 | D:14     | Reached XP level 17. HP: 156/156 MP: 19/37
 42978 | D:15     | Entered Level 15 of the Dungeon
 43143 | D:15     | Found a broken altar of Ashenzari.
 44294 | D:15     | Reached skill level 18 in Summonings
 44371 | D:15     | Found a staircase to the Depths.
 46046 | Snake:1  | Entered Level 1 of the Snake Pit
 46135 | Snake:1  | Found a frozen archway.
 46144 | IceCv    | Entered an ice cave
 46855 | IceCv    | Learned a level 7 spell: Malign Gateway
 48628 | Snake:1  | Found a transporter.
 48696 | Snake:1  | Identified the +10 dagger "Cinuom" {antimagic, rC+ Str+2}
 48810 | Snake:1  | Found a hazy altar of Hepliaklqana.
 49371 | Snake:1  | Found a transporter.
 49911 | Snake:1  | Reached skill level 19 in Summonings
 50004 | Snake:1  | Identified the +4 spear of Hopir {flame, Fragile rElec
                  | Int+3}
 50016 | Snake:1  | Identified the ring of Midnight {rF+ rC+ Int+6 Dex+2}
 50034 | Snake:1  | Identified the ring of Qelar {rC+ rCorr Str+6}
 50085 | Snake:2  | Noticed Kirke
 50096 | Snake:2  | Killed Kirke
 50472 | Snake:2  | Reached XP level 18. HP: 163/163 MP: 25/39
 50981 | Snake:2  | Noticed Aizul
 50988 | Snake:2  | Killed Aizul
 51077 | Snake:2  | Noticed Agnes
 51084 | Snake:2  | Killed Agnes
 52524 | Snake:2  | Identified the +7 great mace "Ifroeg" {freeze, Contam rPois
                  | MP+9 Int+4}
 54130 | Snake:4  | Entered Level 4 of the Snake Pit
 54294 | Snake:4  | Noticed Saint Roka
 54301 | Snake:4  | Reached skill level 20 in Summonings
 54303 | Snake:4  | Killed Saint Roka
 55555 | Snake:4  | Noticed Louise
 55563 | Snake:4  | Killed Louise
 56321 | Snake:4  | Noticed a quicksilver dragon
 56321 | Snake:4  | Noticed a quicksilver dragon
 56330 | Snake:4  | Killed a quicksilver dragon
 56330 | Snake:4  | Killed a quicksilver dragon
 56550 | Snake:4  | Got a serpentine rune of Zot
 56869 | Swamp:1  | Entered Level 1 of the Swamp
 57406 | Swamp:1  | Reached XP level 19. HP: 170/170 MP: 31/41
 58417 | Swamp:2  | Noticed Donald
 58424 | Swamp:2  | Killed Donald
 58810 | Swamp:2  | Reached skill level 21 in Summonings
 59901 | Swamp:2  | Noticed Nikola
 59908 | Swamp:2  | Killed Nikola
 60980 | Swamp:3  | Identified the +4 war axe of Breach {drain, rC- Int+3
                  | Dex+5}
 61343 | Swamp:4  | Entered Level 4 of the Swamp
 61807 | Swamp:4  | Noticed the 27-headed Lernaean hydra
 63471 | Swamp:4  | Killed the 27-headed Lernaean hydra
 63775 | Swamp:4  | Got a decaying rune of Zot
 64144 | D:10     | Found Zicw's Book Shoppe.
 64202 | D:10     | Killed Fannar
 64501 | D:10     | Found a staircase to the Orcish Mines.
 64699 | Vaults:1 | Entered Level 1 of the Vaults
 64848 | Vaults:1 | Reached skill level 22 in Summonings
 64854 | Vaults:1 | Reached XP level 20. HP: 178/178 MP: 21/44
 64865 | Vaults:1 | Identified the +1 whip of the Ecumenical Temple {chaos,
                  | Str-2 Dex+4}
 67371 | Vaults:2 | Found Qafuyly's Armour Shoppe.
 68050 | Vaults:2 | Reached skill level 23 in Summonings
 69386 | Vaults:3 | Reached XP level 21. HP: 186/186 MP: 37/46
 69504 | Vaults:3 | Found a staircase to the Crypt.
 69995 | Vaults:3 | Found Piheni's Weapon Shop.
 70260 | Vaults:3 | Identified the +2 robe "Fydan" {+Blink Dex+3}
 70654 | Vaults:3 | Found a portal to a secret trove of treasure.
 71279 | Vaults:3 | You paid a toll of a +4 demon trident to enter a treasure
                  | trove
 71280 | Trove    | Entered a treasure trove
 71287 | Trove    | Identified the ring "Bic Igopt" {MP+9 Int+6 Dex+2}
 71293 | Trove    | Identified the ring "Zaemem Moqur" {Fly Dex+4}
 71298 | Trove    | Identified the ring "Qiedeg" {Fly rElec}
 71301 | Trove    | Identified the ring of Umuitsoko {rPois MP+9 Str+6 Dex-3}
 71306 | Trove    | Identified the ring "Utiemu" {Fire rN+ rCorr}
 71310 | Trove    | Identified the ring "Moneorgh" {Str+4 Int+6}
 71312 | Trove    | Identified the ring of Nust {rElec rF- rN+ Int+3 Dex+3}
 71313 | Trove    | Identified the amulet of Xiunuymn {Regen+ Dex+4}
 71318 | Trove    | Identified the ring "Degodiyb" {Fly rF+ MP+9 Int+3}
 72375 | Vaults:4 | Reached skill level 24 in Summonings
 72900 | Vaults:4 | Found Emylof's Distillery.
 73131 | Vaults:4 | Noticed Zenata
 73179 | Vaults:4 | HP: 7/186 [+0 long sword of freezing[Zenata] (13)]
 73619 | Vaults:4 | Bought a potion of experience for 1000 gold pieces
 73619 | Vaults:4 | Bought a potion of heal wounds for 100 gold pieces
 73619 | Vaults:4 | Reached XP level 22. HP: 195/195 MP: 48/48
 74116 | Vaults:3 | Found a staircase to the Crypt.
 74238 | Vaults:3 | Found Piheni's Weapon Shop.
 74936 | Vaults:3 | HP: 4/186 [+6 battleaxe of electrocution[Zenata] (7)]
 74936 | Vaults:3 | Mangled by a +4 dire flail of draining

Illustrated notes

Levels and vault maps discovered:
D:1:      ncdulo_halloftheorcs, layout_basic
D:2:      layout_basic, basic_altar, shapermc_ecumenical_altar_venn
D:3:      layout_rooms, uniq_jessica, uniq_terence, uniq_grinder
D:4:      layout_cave_pools, mainiacjoe_overflow_boulevard,
          minmay_temple_entry_stoned_glass
D:5:      layout_basic
D:6:      minmay_opposing_rooms, layout_gridville, kennysheep_little_box,
          serial_demonic, serial_demonic_e, serial_demonic_b, serial_demonic_a,
          serial_demonic_e, uniq_sigmund
D:7:      layout_layer_cave
D:8:      gammafunk_steamed_eel, layout_basic, small_chamber_with_monster
D:9:      layout_irregular_city, old_standard_altar,
          mainiacjoe_overflow_alcove_2, nicolae_diode_basic
D:10:     layout_rooms, dpeg_lair_monsters, erik_orc_1, serial_shops, shop,
          grunt_ogre_cave, uniq_lodul, uniq_fannar, uniq_snorg
D:11:     layout_irregular_city, serial_shops, shop, uniq_nergalle
D:12:     layout_cave_pools
D:13:     regret_index_bee_streams, layout_basic,
          lightli_vaults_fourway_checkpoint, uniq_josephine
D:14:     layout_basic, kiku_gazebo_pond_becter, serial_corexii_hall,
          corexii_hall_statues_l, chequers_hall_statues_wall_a, tgw_fedhas
D:15:     grunt_enter_depths_hoard, layout_cave_pools,
          cheibrodos_ashenzari_chains
Temple:   regret_index_temple_mists
Lair:1:   layout_layer_cave
Lair:2:   hellmonk_destroyed_diamonds, layout_hall_layers, dummy_snake_entry,
          serial_rivers, chequers_serial_rivers_marsh,
          chequers_serial_rivers_small_a, chequers_serial_rivers_micro_d,
          chequers_serial_rivers_small_3, ebering_ghost_disaster_area,
          hangedman_tree_tricks, minmay_lair_oklob_items, st_stairs_10,
          infiniplex_staircase_pool_2, uniq_gastronok, uniq_sonja
Lair:3:   layout_layer_cave, swamp_mist_pool, grunt_megastairs_1
Lair:4:   nzn_winding_woodlands_huge [nzn_winding_woodlands_5x15_parted,
          nzn_winding_woodlands_5x15_pool, nzn_winding_woodlands_5x15_pockets,
          nzn_winding_woodlands_5x15_lazy_stream,
          nzn_winding_woodlands_5x15_eye,
          nzn_winding_woodlands_5x15_pathside_ponds,
          nzn_winding_woodlands_5x15_sidewinder,
          nzn_winding_woodlands_5x15_garden,
          nzn_winding_woodlands_5x15_split_checker,
          nzn_winding_woodlands_5x15_default,
          nzn_winding_woodlands_center_diamonds,
          nzn_winding_woodlands_center_pierced_h,
          nzn_winding_woodlands_15x15_boxy_spiral], layout_loops_ring,
          uniq_nessos
Lair:5:   minmay_lair_end_enchanted_forest, layout_loops_ring,
          nicolae_slime_entry_slimehenge, serial_bayou_shore_a
Swamp:1:  layout_basic_swamp, serial_swamp_ruin, evilmike_swamp_ruin_house_2,
          evilmike_swamp_ruin_house_5, swamp_pool4
Swamp:2:  layout_falls_marsh, nicolae_swamp_trees_clearing, swamp_pool4,
          uniq_donald, uniq_nikola
Swamp:3:  layout_basic_swamp, nicolae_swamp_ascending_descending,
          hangedman_swamp_blocks
Swamp:4:  grunt_swamp_rune_castle, layout_basic_swamp
Snake:1:  gammafunk_its_a_trap, layout_chambers, basic_altar,
          portal_ice_cave_entry_pillars_1, nicolae_triple_integral,
          grunt_megastairs_5
Snake:2:  layout_chambers, nicolae_snake_dead_anacondas, uniq_agnes, uniq_aizul,
          uniq_kirke
Snake:3:  layout_rooms
Snake:4:  hellmonk_snake_rune_quicksilver_temple, layout_chambers, uniq_louise,
          uniq_saint_roka
Orc:1:    layout_caves, serial_shops, nicolae_lakefront_shop, mines2_david,
          uniq_erolcha
Orc:2:    pubby_orc_utopia
Vaults:1: nicolae_vaults_closet_pinwheel_4,
          nicolae_vaults_doubleplus_tesselated, nicolae_vaults_apartment_1,
          hangedman_vaults_corner, nicolae_vaults_hallways_thing,
          ontoclasm_vaults_claustrophobia, nicolae_vaults_heart-shaped_vault,
          v_misc_16, nicolae_vaults_wrenched, grunt_vaults_twisty,
          nicolae_vaults_trapezoid_3, nicolae_vaults_double_plus_1,
          layout_vaults_big_room
Vaults:2: nicolae_vaults_closet_pinwheel_2, vaults_room_large_hall,
          nicolae_vaults_turnstiles, nicolae_vaults_house_1,
          layout_vaults_omnigrid, serial_shops, shop
Vaults:3: serial_ice_b, grunt_vaults_diagonal, hangedman_vaults_nodes,
          nicolae_vaults_closet_pinwheel_6, nicolae_vaults_specimen_jars,
          minmay_crypt_entry_simple_statues, nicolae_vaults_enemy_cabinets,
          nicolae_vaults_house_3, v_misc_14, v_pattern_3,
          nicolae_vaults_shelves_hall, nicolae_vaults_layer_cake_slice,
          layout_vaults_ring, serial_shops, shop, enter_trove_1
Vaults:4: nicolae_vaults_layer_cake_slice, dpeg_vaults_monster_box,
          nicolae_vaults_big_angled_halls, st_lattice,
          nicolae_vaults_shrinking_rooms_2, nicolae_vaults_lightning_bolt,
          nicolae_vaults_stepped_doors, ontoclasm_vaults_eye, v_pattern_1,
          nicolae_vaults_sealed_display, nicolae_vaults_ring_of_whatevers,
          nicolae_vaults_trapezoid_1, vaults_mumra_chevron_long,
          nicolae_vaults_trapezoid_2, layout_vaults_omnibox, serial_shops, shop,
          uniq_margery, uniq_zenata

Skill      XL: |  1  2  3  4  5  6  7  8  9 10 11 12 13 14 15 16 17 18 19 20 21 |
---------------+----------------------------------------------------------------+-----
Spellcasting   | 3 4 5 6 8 9 11 13 14 16 17 18 20 21 22 | 22.3
Summonings     | 5 6 7 9 11 13 14 15 17 19 20 22 23 24 | 24.2
Hexes          | 1 2 4 6 |  6.0
Air Magic      | 2 3 |  3.0
Fighting       | 6 9 10 11 | 11.2
Dodging        | 5 8 9 |  9.6
Shields        | 4 6 7 |  7.2
Stealth        | |  3.0

Action                     |  1- 3 |  4- 6 |  7- 9 | 10-12 | 13-15 | 16-18 | 19-21 | 22-24 || total
---------------------------+-------+-------+-------+-------+-------+-------+-------+-------++-------
  Melee: Unarmed           |    40 |    13 |     6 |    17 |   102 |   106 |       |       ||   284
         Punch             |     1 |       |     1 |       |       |       |       |       ||     2
         Constrict         |       |       |       |       |    24 |    44 |    16 |       ||    84
         Spear             |       |       |       |       |       |    18 |    44 |     3 ||    65
   Cast: Summon Small Mamm |    35 |    18 |    20 |    26 |   115 |     2 |       |       ||   216
         Call Imp          |    14 |    11 |    16 |    21 |    76 |       |       |       ||   138
         Call Canine Famil |    10 |    14 |    35 |    59 |   103 |       |     2 |       ||   223
         Summon Guardian G |       |     5 |    26 |    78 |   136 |     4 |       |       ||   249
         Summon Lightning  |       |       |    12 |    47 |   108 |     2 |       |       ||   169
         Summon Mana Viper |       |       |       |       |    21 |   133 |    76 |     2 ||   232
         Summon Forest     |       |       |       |       |    18 |   103 |    75 |     2 ||   198
         Summon Hydra      |       |       |       |       |       |   333 |   278 |     7 ||   618
         Malign Gateway    |       |       |       |       |       |     4 |    19 |     2 ||    25
 Invoke: Call Merchant     |       |       |       |       |     5 |     3 |       |       ||     8
Ability: Spit Poison       |     2 |     2 |     2 |     4 |    16 |       |       |       ||    26
    Use: Scroll            |       |       |     2 |    25 |     5 |     5 |     8 |     2 ||    47
         Potion            |       |       |       |     8 |       |     7 |     8 |       ||    23
   Stab: Distracted        |     1 |       |       |     2 |     4 |     5 |       |       ||    12
 Armour: Robe              |     8 |     9 |    13 |    19 |       |    65 |   239 |    17 ||   370
         Leather armour    |       |       |       |     8 |   193 |    79 |       |       ||   280
  Dodge: Dodged            |    20 |    12 |    24 |    42 |   163 |   150 |   178 |    12 ||   601
  Block: Other             |       |       |       |    23 |    25 |       |       |       ||    48
         Reflection        |       |       |       |     2 |    13 |    51 |     2 |       ||    68
         Buckler           |       |       |       |       |   263 |   393 |   273 |    17 ||   946

Table legend: (Time is in decaauts)
 A = Elapsed time spent in this place.
 B = Non-inter-level travel time spent in this place.
 C = Inter-level travel time spent in this place.
 D = Time resting spent in this place.
 E = Time spent auto-exploring this place.
 F = Levels seen in this place.
 G = Mean time per level.
                   A        B        C        D        E       F      G
               +--------+--------+--------+--------+--------+-----+--------+
         Total |  88105 |  83820 |   4285 |  12899 |  56546 |  37 | 2381.2 |
       Dungeon |  33690 |  32316 |   1374 |   4445 |  22663 |  15 | 2246.0 |
        Temple |     56 |     29 |     27 |      0 |      0 |   1 |   56.0 |
          Lair |  16009 |  15018 |    991 |   2926 |   8956 |   5 | 3201.8 |
         Swamp |   8045 |   7706 |    339 |   2738 |   3833 |   4 | 2011.2 |
     Snake Pit |  10362 |   9663 |    699 |   1030 |   7192 |   4 | 2590.5 |
  Orcish Mines |   5785 |   5620 |    165 |      0 |   4525 |   2 | 2892.5 |
        Vaults |  11811 |  11125 |    686 |   1459 |   7851 |   4 | 2952.8 |
         Trove |     64 |     64 |      0 |      0 |      2 |   1 |   64.0 |
      Ice Cave |   2281 |   2281 |      0 |    299 |   1520 |   1 | 2281.0 |
               +--------+--------+--------+--------+--------+-----+--------+

Top non-repeatable levels by time:
  Lair:4: 4736 daAuts
   Orc:2: 4634 daAuts
Vaults:3: 4449 daAuts
     D:7: 3771 daAuts
    D:13: 3526 daAuts
    D:10: 3441 daAuts
 Snake:2: 3345 daAuts
  Lair:5: 3102 daAuts
 Snake:4: 3005 daAuts
  Lair:2: 2979 daAuts
     D:9: 2940 daAuts
    D:14: 2857 daAuts
     D:8: 2792 daAuts
     D:6: 2764 daAuts
Vaults:2: 2670 daAuts
